cohdb
Replays
Latest Replays
All Replays
Popular Replays
Top Player Replays
Match Explorer
How It Works
Community
CoH3 Stats
Reddit
Sign in to upload your games and track your stats! →
Sign in with Steam
Match 45955359
Unlisted
Match 45955359
Overview
Messages
Build Orders
End
Construct Barracks
Selects Heavy Weapons
Riflemen Squad
1⁄4-ton 4x4 Truck
Riflemen Squad
Grenade Package
Riflemen Squad
Air Support Center
Selects Assault Carriers
Grasshopper Recon Run
P-47 Dive Bomb
Construct Motor Pool
Double Sortie
Grasshopper Recon Run
P-47 Strafing Run
M24 Chaffee Light Tank
P-47 Strafing Run
Grasshopper Recon Run
M24 Chaffee Light Tank
Air Supply
P-47 Dive Bomb
Engineer Squad
Grasshopper Recon Run
P-47 Dive Bomb
M1918 Browning Automatic Rifles
Selects Exchangeable Parts
Grasshopper Recon Run
Construct Weapon Support Center
P-47 Dive Bomb
Forward Retreat Point
M3 Assault Carrier
Grasshopper Recon Run
Grasshopper Recon Run
P-47 Dive Bomb
M1 Anti-tank Gun Team
Selects M26 Pershing Heavy Tank
Grasshopper Recon Run
P-47 Strafing Run
P-47 Dive Bomb
Selects M2HB .50cal Heavy Machine Gun
Selects Gallant Stand
M26 Pershing Heavy Tank
careful of the cold
Kikastis
PlammX
Knightz
torbjornuser
wila
LittleFatty233
카츄사
0
0
Comments
sign in to comment!
No comments posted yet!